 Dungeon Crawl Stone Soup version 0.25.1-2-g60ff931df9 (webtiles) character file.

Game seed: 4314636194899082771

50 Allula97 the Skirmisher (level 3, -4/29 HPs)
             Began as a Demonspawn Fighter on Nov 16, 2020.
             Slain by a gnoll
             ... wielding a +0 flail
              (10 damage)
             ... on level 2 of the Dungeon.
             The game lasted 00:02:07 (1432 turns).

Allula97 the Skirmisher (Demonspawn Fighter)        Turns: 1432, Time: 00:02:08

Health: -4/29      AC:  8    Str: 17    XL:     3   Next: 55%
Magic:  3/3        EV:  7    Int:  9    God:
Gold:   53         SH:  9    Dex: 12    Spells: 2/2 levels left

rFire    . . .     SeeInvis .   a - +0 war axe
rCold    . . .     Gourm    .   c - +0 kite shield
rNeg     . . .     Faith    .   b - +0 scale mail
rPois    .         Spirit   .   (no helmet)
rElec    .         Reflect  .   (no cloak)
rCorr    .         Harm     .   (no gloves)
MR       .....                  (no boots)
Stlth    ..........             g - amulet of magic regeneration
HPRegen  0.09/turn              (no ring)
MPRegen  0.33/turn              (no ring)

@: no status effects
A: thin metallic scales 1
a: no special abilities


You were on level 2 of the Dungeon.
You were not hungry.

You visited 1 branch of the dungeon, and saw 2 of its levels.

You collected 53 gold pieces.

Inventory:

Hand Weapons
 a - a +0 war axe (weapon)
Armour
 b - a +0 scale mail (worn)
 c - a +0 kite shield (worn)
Jewellery
 g - an amulet of magic regeneration (around neck)
Scrolls
 e - 2 scrolls of teleportation {unknown}
 i - a scroll of enchant weapon {unknown}
 l - a scroll of remove curse {unknown}
 m - a scroll of identify {unknown}
 n - a scroll of immolation {unknown}
Potions
 d - a potion of might
 h - a potion of stabbing {unknown}
 j - a potion of brilliance {unknown}
 k - a potion of resistance {unknown}
Comestibles
 f - 9 rations


   Skills:
 * Level 3.3 Fighting
 * Level 2.5 Axes
 * Level 3.1 Armour
 * Level 0.4 Dodging
 + Level 2.9 Shields


You had 2 spell levels left.
You didn't know any spells.
Your spell library was empty.

Dungeon Overview and Level Annotations

Branches:
Dungeon (2/15)

Altars:


Innate Abilities, Weirdness & Mutations

You are partially covered in thin metallic scales. (AC +2)


Message History

You are too injured to fight recklessly!
You are too injured to fight recklessly!
You are too injured to fight recklessly!
You are too injured to fight recklessly!
You are too injured to fight recklessly!
You are too injured to fight recklessly!
You are too injured to fight recklessly!
You are too injured to fight recklessly!
You are too injured to fight recklessly!
You are too injured to fight recklessly!
You are too injured to fight recklessly!
Unknown command.
You barely miss the gnoll.
The gnoll is severely wounded.
The gnoll hits you with a +0 flail.
* * * LOW HITPOINT WARNING * * *
You barely miss the gnoll.
The gnoll is severely wounded.
The gnoll hits you with a +0 flail!
You die...

#. ## ####################
...................#
≈≈≈≈≈≈≈≈≈≈≈≈≈≈≈≈≈≈≈≈
≈≈≈≈≈≈≈≈≈≈≈≈≈≈≈≈≈≈≈≈
....l.g@...........# ####
##############'#######
#8.###8(###8.###8.#........
#(...)........)...'........
##(#########################
#..# #....########## #.##
####..........# ### ##.####
#..########.# #.. ......#
#.## #.# #.#


You could see a gnoll and a frilled lizard.

Vanquished Creatures
  An adder (D:2)
  An ooze (D:1)
  A dart slug (D:1)
  A worm (D:2)
  A leopard gecko (D:2)
  A giant cockroach (D:1)
  4 goblins (D:2)
  5 hobgoblins (D:1)
  9 kobolds
  3 bats (D:1)
  2 frilled lizards (D:1)
  3 rats (D:1)
32 creatures vanquished.

Notes
Turn   | Place    | Note
-------+----------+-------------------------------------------
     0 | D:1      | Allula97 the Demonspawn Fighter began the quest for the
                  | Orb.
     0 | D:1      | Reached XP level 1. HP: 18/18 MP: 1/1
   272 | D:1      | Gained mutation: You are partially covered in thin metallic
                  | scales. (AC +2) [demonic ancestry]
   272 | D:1      | Reached XP level 2. HP: 24/24 MP: 2/2
   986 | D:2      | Reached XP level 3. HP: 29/29 MP: 3/3
  1432 | D:2      | Slain by a gnoll

Illustrated notes

Levels and vault maps discovered:
D:1:      psy_arrival_fountain, layout_basic
D:2:      wad_river_or_something, layout_loops_corners,
          kennysheep_cross_bottleneck

Skill      XL: |  1  2 |
---------------+-------+-----
Axes           | 2 |  2.5
Armour         | 3 |  3.1
Fighting       | |  3.3
Dodging        | |  0.4
Shields        | |  2.9

Action                   || total
-------------------------++-------
Melee: War axe           ||   114
  Eat: Chunk             ||     2
Armor: Scale mail        ||    48
Dodge: Dodged            ||    37
Block: Kite shield       ||    53
